 Dungeon Crawl Stone Soup version 0.29.1-13-g9f3cf754e1 (webtiles) character file.

Game seed: 5747935477305590077

179061 MinkTDR the Warrior (level 17, -1/161 HPs)
             Began as a Minotaur Fighter on Jan 26, 2023.
             Was the Champion of Okawaru.
             Slain by an entropy weaver (11 damage)
             ... on level 4 of the Spider Nest.
             The game lasted 01:41:17 (29226 turns).

MinkTDR the Warrior (Minotaur Fighter)             Turns: 29226, Time: 01:41:17

Health: -1/161     AC: 21    Str: 32    XL:     17   Next: 29%
Magic:  14/15      EV: 12    Int: 10    God:    Okawaru [******]
Gold:   1604       SH:  0    Dex:  7    Spells: 16/16 levels left

rFire   . . .      SeeInvis +   I - +6 war axe (spect)
rCold   + + +      Faith    .   t - +5 kite shield of Conscience {Rampage rPois rC+++ Dex-4}
rNeg    + + .      Spirit   .   E - +7 plate armour of Least Resistance {Str+4 Int+2}
rPois   +          Reflect  .   s - +1 hat of Ryunyug {Drain Fly rPois Int+3}
rElec   .          Harm     .   v - scarf {repulsion}
rCorr   +          Rampage  +   (no gloves)
Will    +....      Rage     3%  B - +0 pair of boots
Stlth   ..........              p - amulet of regeneration
HPRegen 1.16/turn               X - ring of Soas {rPois rN+ rCorr}
MPRegen 0.14/turn               c - ring "Ziywyag" {Fly rPois rN+ rCorr SInv}

@: confused, heroic, corroded, on berserk cooldown, flying, slowed, repel
missiles, very slow
A: horns 2, retaliatory headbutt, berserk 1, low MP 1
}: 1/15 runes: gossamer
a: Renounce Religion, Heroism, Finesse, Duel


You were on level 4 of the Spider Nest.
You worshipped Okawaru.
Okawaru was exalted by your worship.
You visited 4 branches of the dungeon, and saw 25 of its levels.
You also visited: Gauntlet.

You collected 4514 gold pieces.
You spent 2910 gold pieces at shops.

Inventory:

Hand Weapons
 G - a +2 flail of venom
 I - a +6 spectral war axe (weapon)
Missiles
 h - 30 poisoned darts (quivered)
 n - 4 atropa-tipped darts
 Z - 8 silver javelins
Armour
 e - a +0 cloak
 s - the +1 hat of Ryunyug (worn) {Drain Fly rPois Int+3}
   (You found it on level 4 of the Spider Nest)

   Int:       It affects your intelligence (+3).
   rPois:     It protects you from poison.
   Fly:       It grants you flight.
   Drain:     It drains your maximum health when unequipped.
 t - the +5 kite shield of Conscience (worn) {Rampage rPois rC+++ Dex-4}
   (You acquired it on level 2 of the Orcish Mines)

   Dex:       It affects your dexterity (-4).
   rC:        It renders you almost immune to cold.
   rPois:     It protects you from poison.
   Rampage:   It bestows one free step when moving towards enemies.
 v - a scarf of repulsion (worn)
 B - a +0 pair of boots (worn)
 E - the +7 plate armour of Least Resistance (worn) {Str+4 Int+2}
   (Okawaru gifted it to you on level 3 of the Spider Nest)

   Str:       It affects your strength (+4).
   Int:       It affects your intelligence (+2).
 O - a +2 pair of gloves of infusion
Jewellery
 c - the ring "Ziywyag" (right hand) {Fly rPois rN+ rCorr SInv}
   (You acquired it on level 2 of the Orcish Mines)

   [ring of poison resistance]

   rPois:     It protects you from poison.
   rN:        It protects you from negative energy.
   SInv:      It lets you see invisible.
   Fly:       It grants you flight.
   rCorr:     It protects you from acid and corrosion.
 p - an amulet of regeneration (around neck)
 X - the ring of Soas (left hand) {rPois rN+ rCorr}
   (You found it in a Gauntlet)

   [ring of positive energy]

   rPois:     It protects you from poison.
   rN:        It protects you from negative energy.
   rCorr:     It protects you from acid and corrosion.
Wands
 g - a wand of charming (12)
 r - a wand of light (4)
 w - a wand of polymorph (20)
 x - a wand of roots (18)
 y - a wand of flame (81)
 F - a wand of mindburst (57)
 H - a wand of digging (25)
Scrolls
 b - 3 scrolls of amnesia
 j - 4 scrolls of magic mapping
 k - 14 scrolls of teleportation
 q - 5 scrolls of fog
 A - 6 scrolls of enchant armour
 C - 3 scrolls of blinking
 D - 4 scrolls of brand weapon
 J - 4 scrolls of poison
 L - 2 scrolls of fear
 Q - a scroll of silence
 U - 2 scrolls of summoning
Potions
 a - 4 potions of invisibility
 d - 4 potions of might
 f - 4 potions of cancellation
 i - a potion of resistance
 l - a potion of heal wounds
 m - 6 potions of flight
 o - a potion of brilliance
 u - 5 potions of curing
 N - 2 potions of berserk rage
 R - 2 potions of haste
 S - 7 potions of ambrosia
Miscellaneous
 z - a piece from Xom's chessboard (15/15)


   Skills:
 * Level 17.1(22.1) Fighting
 + Level 16.0(21.7) Axes
 + Level 8.5(18.2) Maces & Flails
 * Level 12.2(17.2) Throwing
 * Level 16.0(21.0) Armour
 * Level 13.2(18.2) Dodging
 * Level 15.4(20.4) Shields
 * Level 2.1 Invocations
 + Level 0.3 Evocations


You had 16 spell levels left.
You didn't know any spells.
Your spell library contained the following spells:

 Spells                   Type           Power      Damage    Failure   Level
 Magic Dart               Conj           0%         1d3       88%         1
 Searing Ray              Conj           0%         2d4       95%         2
 Sublimation of Blood     Necr           0%         N/A       95%         2
 Wereblood                Tmut           0%         N/A       95%         2
 Conjure Flame            Conj/Fire      0%         6-21      99%         3
 Frozen Ramparts          Ice            0%         1d1       99%         3
 Gell's Gravitas          Tloc           0%         N/A       99%         3
 Ignite Poison            Fire/Tmut/Pois 0%         N/A       99%         3
 Portal Projectile        Hex/Tloc       0%         N/A       99%         3
 Teleport Other           Tloc           0%         N/A       99%         3
 Cause Fear               Hex            0%         N/A       100%        4
 Fulminant Prism          Conj/Hex       0%         3d6       100%        4
 Ice Form                 Ice/Tmut       0%         N/A       100%        4
 Leda's Liquefaction      Hex/Erth       0%         N/A       100%        4
 Petrify                  Tmut/Erth      0%         N/A       100%        4
 Sticky Flame             Conj/Fire      0%         2d3       100%        4
 Borgnjor's Vile Clutch   Necr/Erth      0%         N/A       100%        5
 Lee's Rapid Deconstruct  Erth           0%         3d5*      100%        5
 Dispersal                Tloc           0%         N/A       100%        6
 Statue Form              Tmut/Erth      0%         N/A       100%        6
 Dragon Form              Tmut           0%         N/A       100%        7
 Disjunction              Tloc           0%         N/A       100%        8
 Chain Lightning          Conj/Air       0%         N/A       100%        9
 Fire Storm               Conj/Fire      0%         5d1       100%        9
 Shatter                  Erth           0%         3d5*      100%        9
 Call Canine Familiar     Summ           Unusable   N/A       N/A         3
 Animate Dead             Necr           Unusable   N/A       N/A         4
 Summon Ice Beast         Ice/Summ       Unusable   N/A       N/A         4
 Death Channel            Necr           Unusable   N/A       N/A         6
 Summon Hydra             Summ           Unusable   N/A       N/A         7
 Dragon's Call            Summ           Unusable   N/A       N/A         9

Dungeon Overview and Level Annotations

Branches:
Dungeon (14/15)            Temple (0/1) D:7            Lair (5/5) D:10
  Swamp (0/4) Lair:3       Spider (4/4) Lair:3        Slime (0/5) Lair:5
    Orc (2/2) D:10            Elf (0/3) Orc:2        Vaults (0/5) D:14
Gauntlet (visited)

Altars:
Ashenzari
Cheibriados
Dithmenos
Elyvilon
Fedhas
Gozag
Makhleb
Okawaru
Qazlal
Sif Muna
Trog
Uskayaw
Vehumet
Xom
Yredelemnul
The Shining One
Jiyva
Lugonu

Shops:
D:6 (   Orc:1 *   Orc:2 [=?((

Portals:
Abyss: Lair:5
Trove: D:11 (lose all piety)

Annotations:
Lair:2 exclusion: 2 oklob plants
Spider:4 Roxanne


Innate Abilities, Weirdness & Mutations

You have a pair of horns on your head.
You reflexively headbutt those who attack you in melee.
You sometimes lose your temper in combat.
Your magical capacity is low. (-10% MP)


Message History

You barely miss the tarantella. You barely miss the culicivora.
You barely miss the entropy weaver. You completely miss the tarantella.
You barely miss the redback. You slash the tarantella!
The tarantella closely misses you.
The tarantella touches you but does no damage.
The wolf spider barely misses you. The wolf spider closely misses you.
The tarantella touches you.
The culicivora bites you but does no damage.
The redback misses you. The tarantella touches you!
The entropy weaver closely misses you.
The entropy weaver hits you but does no damage.
The entropy weaver hits you.
The entropy weaver hits you but does no damage.
The tarantella touches you.
The wolf spider hits you but does no damage.
The wolf spider misses you. The tarantella closely misses you.
The culicivora bites you.
The redback bites you but does no damage.
You are too confused!
You feel much better. The tarantella touches you. x2
You are more confused.
The wolf spider hits you! The wolf spider misses you.
The tarantella touches you. The culicivora barely misses you.
The entropy weaver gestures at you while chanting.
The redback bites you.
* * * LOW HITPOINT WARNING * * *
The tarantella barely misses you. The tarantella touches you!
* * * LOW HITPOINT WARNING * * *
The wolf spider hits you!
* * * LOW HITPOINT WARNING * * *
The wolf spider barely misses you. The tarantella misses you.
The culicivora bites you.
* * * LOW HITPOINT WARNING * * *
The entropy weaver hits you.
* * * LOW HITPOINT WARNING * * *
The entropy weaver hits you but does no damage.
The entropy weaver hits you!
* * * LOW HITPOINT WARNING * * *
The entropy weaver hits you!
You die...

........ ##..# ..(..... ##...#
......##### #..... #....#.#.#
#..... #.......#### ###...
#.^††?#.##.####.....
##.w.††.....##......
##.sBs.†#.....#......
##.§s@s....†..##...... ####
#.^..ss.)^.^..#^......
##..#####.........#^†##......
.... #^..............##.....
..####......#.......†......
####.^#####^...^.....^.†^.....
##^....#...#....#.#.....#......
#...........^...###.....#......
#..#[...........###....###.....


You could see an entropy weaver, a torpor snail, a wolf spider, a culicivora, 3
tarantellas and a redback.

Vanquished Creatures
  Kirke (Spider:4)
  5 emperor scorpions
  12 ghost moths
  5 broodmothers
  A minotaur (Gauntlet)
  Azrael (Spider:3)
  2 entropy weavers
  A spark wasp (Spider:2)
  Josephine (Lair:3)
  7 hydras
  Fannar (D:12)
  2 ogre magi (Orc:2)
  4 vault guards (D:14)
  2 centaur warriors
  5 boulder beetles
  4 radroaches
  3 jorogumos
  11 two-headed ogres
  A death scarab (Spider:2)
  2 thrashing horrors (Lair:5)
  Urug (Lair:3)
  A skeletal warrior (D:14)
  14 pharaoh ants
  5 sun moths
  2 deep trolls (Orc:1)
  3 steelbarb worms
  A glowing orange brain (Gauntlet)
  5 orb spiders
  An orc knight (D:10)
  A deep elf pyromancer (D:14)
  14 ugly things
  32 wolf spiders
  5 moths of wrath
  6 cyclopes
  A black mamba (shapeshifter) (Lair:5)
  A manticore (D:14)
  4 elephants (Lair:5)
  Joseph (D:8)
  6 black mambas
  3 gargoyles
  A smoke demon (Lair:5)
  9 cane toads
  10 torpor snails
  2 unseen horrors
  Psyche (D:8)
  2 kobold demonologists (D:14)
  An ancient zyme (Lair:5)
  16 demonic crawlers
  6 rime drakes
  5 komodo dragons
  A minotaur zombie (Gauntlet)
  An efreet (D:13)
  14 trolls
  3 polar bears
  A wolf spider simulacrum (Gauntlet)
  3 meliai (Spider:2)
  5 hornets (Spider:4)
  40 tarantellas
  A large abomination (Lair:5)
  10 blink frogs
  4 dream sheep (Lair:4)
  31 jumping spiders
  2 centaur simulacra (Gauntlet)
  A vampire (D:12)
  A culicivora (shapeshifter) (Lair:5)
  2 shadows (D:10)
  2 ynoxinuls (Lair:5)
  2 spriggans (Lair:5)
  55 yaks
  34 culicivoras
  2 wyverns
  A basilisk (shapeshifter) (Lair:5)
  3 fire elementals (Spider:3)
  3 humans (Spider:4)
  2 hogs (Spider:4)
  7 wraiths
  15 basilisks
  A steam dragon (D:7)
  A chaos spawn (Lair:5)
  53 redbacks
  A harpy simulacrum (Gauntlet)
  2 wargs (Orc:1)
  2 two-headed ogre zombies (D:10)
  2 acid dragons (D:12)
  2 hell hounds (Spider:3)
  15 water moccasins
  6 orc warriors
  3 black bears
  A swamp drake (D:10)
  A sky beast (D:7)
  An ice beast (D:8)
  14 wolves
  4 centaurs
  22 ogres
  2 phantoms
  3 kobold brigands
  11 bullfrogs
  Blork the orc (D:6)
  2 necrophages
  10 wights
  A troll zombie (D:10)
  7 small abominations (Lair:5)
  16 killer bees
  A howler monkey (D:11)
  3 hounds
  3 gnoll boudas
  A jelly (D:6)
  10 orc priests
  4 iguanas
  Ijyb (D:5)
  17 orc wizards
  5 ogre zombies (D:10)
  17 gnolls
  5 adders
  A shadow imp (D:6)
  5 worms
  A dart slug (D:1)
  45 orcs
  5 ball pythons
  11 endoplasms
  2 giant cockroaches
  6 goblins
  6 hobgoblins
  4 jackals (D:4)
  21 kobolds
  5 quokkas
  7 bats
  4 frilled lizards
  3 goblin zombies (D:10)
  4 hobgoblin zombies (D:10)
  2 orc skeletons (D:10)
  16 orc zombies (D:10)
  8 rats
884 creatures vanquished.

Vanquished Creatures (others)
  A jumping spider (Spider:3)
  A culicivora (Spider:2)
  22 fungi
  21 plants
45 creatures vanquished.

Grand Total: 929 creatures vanquished

Notes
Turn   | Place    | Note
-------+----------+-------------------------------------------
     0 | D:1      | MinkTDR the Minotaur Fighter began the quest for the Orb.
     0 | D:1      | Reached XP level 1. HP: 19/19 MP: 0/0
   169 | D:1      | Reached XP level 2. HP: 27/27 MP: 1/1
   354 | D:1      | Reached skill level 4 in Fighting
   553 | D:1      | Reached XP level 3. HP: 33/33 MP: 2/2
   804 | D:1      | Identified a scroll of acquirement
   804 | D:1      | Acquired 927 gold pieces
   981 | D:2      | Reached skill level 1 in Maces & Flails
   981 | D:2      | Reached XP level 4. HP: 40/40 MP: 3/3
  1007 | D:2      | Reached skill level 7 in Fighting
  1007 | D:2      | Reached skill level 5 in Dodging
  1007 | D:2      | Reached XP level 5. HP: 52/52 MP: 4/4
  1011 | D:2      | Identified the +3 leather armour of the Big Bang {*Slow
                  | rC++ Regen+ rCorr}
  1608 | D:3      | Found a hide-covered altar of Uskayaw.
  1746 | D:3      | Found a shimmering altar of Xom.
  1803 | D:3      | Reached XP level 6. HP: 60/60 MP: 5/5
  1983 | D:3      | Found a radiant altar of Vehumet.
  2050 | D:3      | Found a faded altar of an unknown god.
  2345 | D:4      | Found an iron altar of Okawaru.
  2362 | D:4      | Became a worshipper of Warmaster Okawaru
  2409 | D:4      | Reached XP level 7. HP: 65/66 MP: 6/6
  2494 | D:4      | Reached skill level 5 in Throwing
  2662 | D:4      | Found a white marble altar of Elyvilon.
  2675 | D:5      | Entered Level 5 of the Dungeon
  2816 | D:5      | Reached skill level 5 in Maces & Flails
  2822 | D:5      | Noticed Ijyb
  2831 | D:5      | Killed Ijyb
  2831 | D:5      | Reached * piety under Okawaru
  3027 | D:5      | Found a broken altar of Ashenzari.
  3066 | D:5      | Reached XP level 8. HP: 71/74 MP: 7/7
  3458 | D:5      | Found a shimmering blue altar of Sif Muna.
  3843 | D:6      | Found Cyanauka's Weapon Boutique.
  3981 | D:6      | Noticed a two-headed ogre
  3991 | D:6      | Killed a two-headed ogre
  3991 | D:6      | Reached ** piety under Okawaru
  3992 | D:6      | Reached skill level 8 in Fighting
  4110 | D:6      | Found a snail-covered altar of Cheibriados.
  4208 | D:6      | Reached XP level 9. HP: 69/81 MP: 8/8
  4433 | D:6      | Noticed Blork the orc
  4440 | D:6      | Killed Blork the orc
  4611 | D:6      | Found a basalt altar of Yredelemnul.
  4830 | D:7      | Reached *** piety under Okawaru
  4842 | D:7      | Identified the +6 falchion of Sloth {vorpal, rPois rF+ rN+
                  | Int-2}
  5032 | D:7      | Found a shadowy altar of Dithmenos.
  5100 | D:7      | Found a staircase to the Ecumenical Temple.
  5362 | D:7      | Noticed a brown ugly thing
  5370 | D:7      | Killed a brown ugly thing
  5398 | D:7      | Killed an unseen horror
  5398 | D:7      | Reached **** piety under Okawaru
  5562 | D:8      | Noticed Joseph
  5564 | D:8      | Reached skill level 9 in Fighting
  5574 | D:8      | Reached XP level 10. HP: 85/90 MP: 9/9
  5585 | D:8      | Killed Joseph
  5662 | D:8      | Noticed a two-headed ogre
  5665 | D:8      | Killed a two-headed ogre
  5671 | D:8      | Found a bloodstained altar of Trog.
  5813 | D:8      | Noticed Psyche
  5816 | D:8      | Killed Psyche
  5817 | D:8      | Reached ***** piety under Okawaru
  5960 | D:8      | Found a burning altar of Makhleb.
  6464 | D:9      | Identified the +2 hat of Utaniob {Contam rPois MP+9}
                  | (Okawaru gifted it to you on level 9 of the Dungeon)
  6464 | D:9      | Received a gift from Okawaru
  6541 | D:9      | Found a blossoming altar of Fedhas.
  6790 | D:9      | Found a glowing golden altar of the Shining One.
  7033 | D:10     | Entered Level 10 of the Dungeon
  7066 | D:10     | Noticed a two-headed ogre
  7079 | D:10     | Killed a two-headed ogre
  7080 | D:10     | Reached skill level 10 in Fighting
  7080 | D:10     | Reached XP level 11. HP: 61/99 MP: 10/10
  7119 | D:10     | Found a staircase to the Orcish Mines.
  7129 | D:10     | Reached skill level 5 in Axes
  7446 | D:10     | Found an opulent altar of Gozag.
  7470 | D:10     | Found a stormy altar of Qazlal.
  7753 | D:10     | Found a staircase to the Lair.
  8104 | D:11     | Reached skill level 10 in Armour
  8235 | D:11     | You fall into a shaft and drop 1 floor!
  8243 | D:12     | Noticed a purple ugly thing
  8249 | D:12     | Killed a purple ugly thing
  8400 | D:11     | Found a portal to a secret trove of treasure.
  8698 | Orc:1    | Entered Level 1 of the Orcish Mines
  8713 | Orc:1    | Noticed an orc knight
  8723 | D:10     | Killed an orc knight
  8723 | D:10     | Received a gift from Okawaru
  8863 | Orc:1    | Found Caloj's CLEARANCE SALE!.
  8872 | Orc:1    | Bought 3 scrolls of identify for 30 gold pieces
  8932 | Orc:2    | Entered Level 2 of the Orcish Mines
  8932 | Orc:2    | Noticed a two-headed ogre
  8932 | Orc:2    | Found Jedumeir's Magic Scroll Emporium.
  8932 | Orc:2    | Found Xirrunipp's Antique Armour Shoppe.
  8937 | Orc:2    | Noticed a two-headed ogre
  8937 | Orc:2    | Noticed a two-headed ogre
  8942 | Orc:2    | Noticed an ogre mage
  9037 | Orc:1    | Killed a two-headed ogre
  9038 | Orc:1    | Reached skill level 10 in Shields
  9038 | Orc:1    | Reached XP level 12. HP: 108/108 MP: 11/11
  9064 | Orc:2    | Noticed a two-headed ogre
  9065 | Orc:2    | Noticed a two-headed ogre
  9073 | Orc:1    | Killed a two-headed ogre
  9171 | D:12     | Noticed Fannar
  9180 | D:12     | Killed Fannar
  9180 | D:12     | Identified the +2 pair of gloves of Free Will {rC+ rCorr
                  | Dex+2} (Okawaru gifted it to you on level 12 of the
                  | Dungeon)
  9180 | D:12     | Received a gift from Okawaru
  9662 | D:12     | Reached skill level 11 in Fighting
  9890 | D:13     | Noticed a centaur warrior
  9899 | D:13     | Killed a centaur warrior
 10973 | Lair:1   | Entered Level 1 of the Lair of Beasts
 11263 | Lair:1   | Noticed a seven-headed hydra
 11268 | Lair:1   | Killed a seven-headed hydra
 11802 | Lair:2   | Reached ****** piety under Okawaru
 11804 | Lair:2   | Found a frozen archway.
 11948 | Lair:2   | Received a gift from Okawaru
 12149 | Lair:2   | Reached skill level 10 in Axes
 12314 | Lair:2   | Reached XP level 13. HP: 104/117 MP: 12/12
 12543 | Lair:3   | Found a gate leading to a gauntlet.
 12546 | Lair:3   | Noticed Urug
 12554 | Lair:3   | Killed Urug
 12555 | Lair:3   | Reached skill level 12 in Fighting
 12595 | Gauntlet | Entered a Gauntlet
 12595 | Gauntlet | Found a transporter.
 12613 | Gauntlet | Found a transporter.
 12633 | Gauntlet | Found a transporter.
 12634 | Gauntlet | Found a transporter.
 12653 | Gauntlet | Found a transporter.
 12665 | Gauntlet | Noticed a blizzard demon
 12666 | Gauntlet | Found a transporter.
 12669 | Gauntlet | Found a transporter.
 12673 | Gauntlet | Found a transporter.
 12703 | Gauntlet | Found a transporter.
 12703 | Gauntlet | Found a transporter.
 12703 | Gauntlet | Found a transporter.
 12711 | Gauntlet | Found a transporter.
 12930 | Gauntlet | Reached skill level 10 in Dodging
 12962 | Gauntlet | Got Saaluss's Secrets of Blazing Minerals
 13047 | Gauntlet | Identified the ring of Soas {rPois rN+ rCorr}
 13074 | Gauntlet | Identified the +7 lajatang of Piruer {drain, Stlth+}
 13074 | Gauntlet | Identified the +3 chain mail "Weot" {rF+ Str+4 Dex+4}
 13074 | Gauntlet | Noticed a minotaur
 13082 | Gauntlet | Killed a minotaur
 13082 | Gauntlet | Received a gift from Okawaru
 13132 | Gauntlet | Identified the +1 chain mail "Cuufynt" {rPois rC+}
 13702 | Lair:3   | Found a hole to the Spider Nest.
 13967 | Lair:3   | Noticed Josephine
 13977 | Lair:3   | Killed Josephine
 13977 | Lair:3   | Identified the +0 crystal plate armour of Wautyi {rPois
                  | Slay+3} (Okawaru gifted it to you on level 3 of the Lair of
                  | Beasts)
 13977 | Lair:3   | Received a gift from Okawaru
 14030 | Lair:3   | Found a staircase to the Swamp.
 14583 | Lair:4   | Identified the +6 rapier "Zijegate" {vorpal, rElec Int+5}
 15757 | Lair:5   | Entered Level 5 of the Lair of Beasts
 15783 | Lair:5   | Reached skill level 13 in Fighting
 16095 | Lair:5   | Received a gift from Okawaru
 16096 | Lair:5   | Reached XP level 14. HP: 57/129 MP: 13/13
 16667 | Lair:5   | Found the +7 Singing Sword {vorpal, sonic wave}
 16846 | Lair:5   | Received a gift from Okawaru
 16848 | Lair:5   | Reached skill level 10 in Throwing
 17007 | Lair:5   | Found a viscous altar of Jiyva.
 17008 | Lair:5   | Found a staircase to the Slime Pits.
 18003 | Lair:5   | Received a gift from Okawaru
 18004 | Lair:5   | Reached skill level 14 in Fighting
 18052 | Lair:5   | Identified the +5 sling of Mourning {vorpal, Int+4 SInv}
 18135 | Lair:5   | Found a corrupted altar of Lugonu.
 18135 | Lair:5   | Found a one-way gate to the infinite horrors of the Abyss.
 19228 | D:14     | Received a gift from Okawaru
 19289 | D:14     | Found a gate to the Vaults.
 21007 | Orc:1    | Reached XP level 15. HP: 38/139 MP: 14/14
 21319 | Orc:2    | Found Beuh's Weapon Boutique.
 21489 | Orc:2    | Bought a scroll of identify for 36 gold pieces
 21489 | Orc:2    | Bought a scroll of identify for 36 gold pieces
 21552 | Orc:2    | Found Raoschip's Weapon Shoppe.
 21612 | Orc:2    | Found Xuic's Jewellery Emporium.
 21688 | Orc:2    | Found a staircase to the Elven Halls.
 22259 | Spider:1 | Entered Level 1 of the Spider Nest
 22563 | Spider:1 | Received a gift from Okawaru
 23260 | Lair:3   | Reached skill level 15 in Fighting
 23803 | Spider:1 | Received a gift from Okawaru
 24865 | Orc:2    | Bought 3 scrolls of acquirement for 2808 gold pieces
 24870 | Orc:2    | Acquired the +5 kite shield of Conscience {Rampage rPois
                  | rC+++ Dex-4}
 24884 | Orc:2    | Acquired 1257 gold pieces
 24886 | Orc:2    | Acquired the ring "Ziywyag" {Fly rPois rN+ rCorr SInv}
 25192 | Spider:2 | Identified the +9 demon whip "Murmur" {vorpal, Fly Will+
                  | Int+4} (Okawaru gifted it to you on level 2 of the Spider
                  | Nest)
 25192 | Spider:2 | Received a gift from Okawaru
 26002 | Spider:2 | Received a gift from Okawaru
 26334 | Spider:2 | Reached skill level 15 in Armour
 26442 | Spider:2 | Reached XP level 16. HP: 151/151 MP: 15/15
 27030 | Spider:3 | Received a gift from Okawaru
 27088 | Spider:3 | Reached skill level 16 in Fighting
 27346 | Spider:3 | Identified the +7 plate armour of Least Resistance {Str+4
                  | Int+2} (Okawaru gifted it to you on level 3 of the Spider
                  | Nest)
 27346 | Spider:3 | Received a gift from Okawaru
 27364 | Spider:3 | Noticed Azrael
 27373 | Spider:3 | Killed Azrael
 27578 | Spider:3 | Reached skill level 15 in Axes
 27768 | Spider:3 | Identified the +3 long sword of Equivalence {antimagic,
                  | rElec rN+ Dex-4 Stlth+}
 28085 | Spider:4 | Entered Level 4 of the Spider Nest
 28204 | Spider:4 | Received a gift from Okawaru
 28466 | Spider:4 | Gained mutation: Your magical capacity is low. (-10% MP)
                  | [mutagenic glow]
 28495 | Spider:4 | Gained mutation: You sometimes lose your temper in combat.
                  | [mutagenic glow]
 28636 | Spider:4 | Reached skill level 15 in Shields
 28751 | Spider:4 | Reached XP level 17. HP: 160/160 MP: 0/14
 28756 | Spider:4 | Reached skill level 1 in Invocations
 28763 | Spider:4 | Received a gift from Okawaru
 28894 | Spider:4 | Identified the +1 hat of Ryunyug {Drain Fly rPois Int+3}
 28918 | Spider:4 | Got a gossamer rune of Zot
 29133 | Spider:4 | Reached skill level 17 in Fighting
 29136 | Spider:4 | Noticed Roxanne
 29195 | Spider:4 | Noticed Kirke
 29209 | Spider:4 | Killed Kirke
 29226 | Spider:4 | Slain by an entropy weaver

Illustrated notes

Levels and vault maps discovered:
D:1:      sevenhm_arrival_forest_fort_small_4, layout_loops_ring,
          feat_on_display
D:2:      layout_loops_ring, minmay_misc_feat_rugged
D:3:      layout_rooms, vehumet_crystals, mainiacjoe_overflow_boulevard,
          marbit_many_paths, shapermc_ecumenical_altar_acropolis,
          kennysheep_generic_room_6
D:4:      layout_gridville, okawaru_metal_pillars_1_2, lemuel_tele_altar,
          nicolae_figureground_sparkle
D:5:      layout_basic, kennysheep_little_box, led_sif_book,
          hangedman_decor_slide_cut, minmay_misc_feat_doors, uniq_ijyb
D:6:      layout_cave_pods, mainiacjoe_overflow_paths,
          mainiacjoe_overflow_alcove_2, serial_shops,
          nicolae_shop_bloodbath_and_beyond, uniq_blork_the_orc
D:7:      layout_basic, grunt_dithmenos_smoke, minmay_temple_entry_arrows,
          minmay_small_thing
D:8:      layout_basic, mainiacjoe_overflow_surrounded_room,
          trog_three_pillars_becter, uniq_psyche, uniq_joseph
D:9:      layout_basic, overflow_temple_1_default, fedhas_ov_isle_minmay
D:10:     layout_long_grid, lemuel_crystal_altar, general_overflow_altar,
          erik_lair_dragon, zombieorc2_lemuel
D:11:     layout_loops_ring, enter_trove_2, minmay_misc_feat_hallway
D:12:     layout_loops_ring, uniq_fannar
D:13:     layout_gridville
D:14:     layout_small_grid, lightli_vaults_fourway_checkpoint,
          minmay_misc_feat_pillars
Lair:1:   layout_roguey
Lair:2:   layout_cave_pods, portal_ice_cave_entry_pillars_2,
          chequers_serial_rivers_marsh, lemuel_oklob_altar
Lair:3:   layout_regular_city, minmay_swamp_entry_eels, spider_nest_entry_a,
          gauntlet_entry_generic, infiniplex_staircase_pool, uniq_urug,
          uniq_josephine
Lair:4:   layout_regular_city
Lair:5:   hellmonk_lair_end_abyssal_woods, layout_layer_cave, slime_entry_1,
          kennysheep_basilisk_garden, grunt_megastairs_3
Spider:1: layout_spider_delve, nicolae_spider_checkerboard
Spider:2: nicolae_spider_hilbert_zone_1 [nicolae_spider_hilbert_4_sides_1_open,
          nicolae_spider_hilbert_4_sides_1_open,
          nicolae_spider_hilbert_4_sides_1_open,
          nicolae_spider_hilbert_4_sides_1_open,
          nicolae_spider_hilbert_3_sides_1_open,
          nicolae_spider_hilbert_3_sides_1_open,
          nicolae_spider_hilbert_3_sides_1_open,
          nicolae_spider_hilbert_3_sides_1_open,
          nicolae_spider_hilbert_3_sides_1_open,
          nicolae_spider_hilbert_6_sides_1_open,
          nicolae_spider_hilbert_6_sides_1_open,
          nicolae_spider_hilbert_3_sides_1_open,
          nicolae_spider_hilbert_3_sides_1_open,
          nicolae_spider_hilbert_3_sides_1_open,
          nicolae_spider_hilbert_3_sides_1_open,
          nicolae_spider_hilbert_2_sides_1_open]
Spider:3: layout_spider_delve, nicolae_spider_not_touching_you, uniq_azrael
Spider:4: spider_rune_water, uniq_roxanne, uniq_kirke
Orc:1:    layout_diamond_mine, serial_shops, nicolae_shop_stone,
          nicolae_shop_clearance
Orc:2:    st_orc_open, layout_caves, basic_altar, serial_shops,
          nicolae_shop_trees, mines_bat_river

Skill      XL: |  1  2  3  4  5  6  7  8  9 10 11 12 13 14 15 16 17 |
---------------+----------------------------------------------------+-----
Armour         | 4 7 8 9 10 11 12 13 15 16 | 16.0
Fighting       | 4 7 8 9 10 11 13 14 15 16 17 | 17.1
Shields        | 4 7 8 9 10 11 12 13 15 | 15.4
Maces & Flails | 1 4 5 6 7 8 |  8.5
Throwing       | 4 5 6 7 9 10 11 12 | 12.2
Dodging        | 5 6 7 8 9 10 11 12 13 | 13.2
Axes           | 4 7 10 11 13 14 15 16 | 16.0
Invocations    | 2 |  2.1
Evocations     | |  0.3

Action                   |  1- 3 |  4- 6 |  7- 9 | 10-12 | 13-15 | 16-18 || total
-------------------------+-------+-------+-------+-------+-------+-------++-------
Melee: War axe           |     7 |       |       |   411 |   684 |   426 ||  1528
       Headbutt          |     9 |    17 |    39 |    81 |   205 |   104 ||   455
       Mace              |    70 |   108 |   102 |       |       |       ||   280
       Flail             |       |       |   123 |    15 |    37 |       ||   175
Throw: Dart              |       |       |     8 |    56 |    25 |    23 ||   112
Invok: Heroism           |       |       |       |       |     6 |     6 ||    12
Evoke: Wand              |       |       |       |       |     1 |       ||     1
  Use: Scroll            |     2 |     1 |     8 |    15 |    18 |     1 ||    45
       Potion            |       |     2 |       |     1 |     5 |     5 ||    13
 Stab: Distracted        |       |       |       |     2 |     8 |     7 ||    17
Armor: Scale mail        |    38 |     1 |       |       |       |       ||    39
       Leather armour    |       |    59 |   133 |   149 |     5 |       ||   346
       Chain mail        |       |       |       |       |   292 |    62 ||   354
       Plate armour      |       |       |       |       |       |   177 ||   177
Dodge: Dodged            |    27 |    79 |   108 |   223 |   395 |   192 ||  1024
Block: Buckler           |    15 |    44 |    64 |   102 |   180 |       ||   405
       Kite shield       |       |       |       |       |   111 |   369 ||   480
